 Dungeon Crawl Stone Soup version 0.29.0-11-gd7f09526c8 (webtiles) character file.

Game seed: 15435774592576391840

1358272 FizzleBang29 the Pyromancer (level 27, 224/224 HPs)
             Began as a Human Delver on Sept 7, 2022.
             Was the Champion of Dithmenos.
             Escaped with the Orb
             ... and 3 runes!
             The game lasted 06:18:17 (103772 turns).

FizzleBang29 the Pyromancer (Human Delver)        Turns: 103772, Time: 06:18:18

Health: 224/224    AC: 33    Str: 14    XL:     27
Magic:  52/52      EV: 28    Int: 22    God:    Dithmenos [******]
Gold:   373        SH: 19    Dex: 38    Spells: 2/59 levels left

rFire   + + +      SeeInvis +   b - staff of conjuration
rCold   + . .      Faith    .   x - +1 kite shield "Amujais" {rF+ rN+ Dex+4}
rNeg    + + +      Spirit   +   W - +10 scale mail of the Beginning {Stlth+}
rPois   +          Reflect  .   e - +2 hat of the Present {Int+4 Dex+5}
rElec   .          Harm     .   Z - +2 ratskin cloak {*Rats rPois rN+ Str-1 Int-1 Dex+1}
rCorr   .          Rampage  +   G - +1 pair of gloves of Pandemonium {rPois Regen+ Dex+2}
Will    ++...                   k - +5 pair of boots "Zefy" {Dex+2}
Stlth   ++........              o - amulet of the Spinneret {Spirit Rampage Fragile Dex+4}
HPRegen 1.27/turn               y - ring "Onkamu" {Wiz rC+ rN++ SInv Stlth-}
MPRegen 0.33/turn               Q - ring of Nekh {Contam rF+++ MP+9 Str+4 Dex+2, =R}

@: wreathed by umbra, studying Stealth
A: fangs 1, inhibited regeneration, weak 2, sturdy frame 1
0: Orb of Zot
}: 3/15 runes: decaying, slimy, gossamer
a: Renounce Religion, Shadow Step, Shadow Form


You escaped.
You worshipped Dithmenos.
Dithmenos was exalted by your worship.
You visited 11 branches of the dungeon, and saw 52 of its levels.
You visited the Abyss 1 time.
You also visited: Trove.

You collected 6306 gold pieces.
You spent 5933 gold pieces at shops.

Inventory:

Hand Weapons
 a - a +9 dagger of venom
Missiles
 s - a throwing net {=f !f}
 A - a boomerang of dispersal {=f !f}
 I - 7 curare-tipped darts {=f !f}
Armour
 e - the +2 hat of the Present (worn) {Int+4 Dex+5}
   (You found it in a treasure trove)

   Int:       It affects your intelligence (+4).
   Dex:       It affects your dexterity (+5).
 k - the +5 pair of boots "Zefy" (worn) {Dex+2}
   (You found it in a treasure trove)

   Dex:       It affects your dexterity (+2).
 x - the +1 kite shield "Amujais" (worn) {rF+ rN+ Dex+4}
   (You found it in a treasure trove)

   Dex:       It affects your dexterity (+4).
   rF:        It protects you from fire.
   rN:        It protects you from negative energy.
 G - the +1 pair of gloves of Pandemonium (worn) {rPois Regen+ Dex+2}
   (You found it in a treasure trove)

   Dex:       It affects your dexterity (+2).
   rPois:     It protects you from poison.
   Regen:     It increases your rate of health regeneration.
 W - the +10 scale mail of the Beginning (worn) {Stlth+}
   (You found it on level 3 of the Spider Nest)

   Stlth:     It makes you more stealthy.
 Z - the +2 ratskin cloak (worn) {*Rats rPois rN+ Str-1 Int-1 Dex+1}
   (You found it on level 5 of the Pits of Slime)

   When the wearer is hurt, rats may emerge from it to assist them.
   Str:       It affects your strength (-1).
   Int:       It affects your intelligence (-1).
   Dex:       It affects your dexterity (+1).
   rPois:     It protects you from poison.
   rN:        It protects you from negative energy.
Magical Staves
 b - a staff of conjuration (weapon)
 w - a staff of fire
Jewellery
 o - the amulet of the Spinneret (around neck) {Spirit Rampage Fragile Dex+4}
   (You found it on level 5 of the Pits of Slime)

   [amulet of guardian spirit]

   It causes incoming damage to be divided between your reserves of health and
   magic.
   Dex:       It affects your dexterity (+4).
   Fragile:   It will be destroyed if unequipped.
   Rampage:   It bestows one free step when moving towards enemies.
 y - the ring "Onkamu" (left hand) {Wiz rC+ rN++ SInv Stlth-}
   (You acquired it on level 3 of the Swamp)

   [ring of wizardry]

   It improves your spell success rate.
   rC:        It protects you from cold.
   rN:        It greatly protects you from negative energy.
   SInv:      It lets you see invisible.
   Stlth:     It makes you less stealthy.
 K - the ring of the Saviour {rCorr AC+4 Int+3}
   (You acquired it on level 1 of the Lair of Beasts)

   [ring of protection]

   AC:        It affects your AC (+4).
   Int:       It affects your intelligence (+3).
   rCorr:     It protects you from acid and corrosion.
 M - a ring of willpower
 Q - the ring of Nekh (right hand) {Contam rF+++ MP+9 Str+4 Dex+2, =R}
   (You found it on level 5 of the Pits of Slime)

   [ring of magical power]

   Str:       It affects your strength (+4).
   Dex:       It affects your dexterity (+2).
   rF:        It renders you almost immune to fire.
   MP:        It affects your magic capacity (+9).
   Contam:    It causes magical contamination when unequipped.
 T - the ring "Heongon" {rElec rN+ Int+3 Stlth-}
   (You bought it in a shop on level 3 of the Vaults)

   [ring of positive energy]

   Int:       It affects your intelligence (+3).
   rElec:     It insulates you from electricity.
   rN:        It protects you from negative energy.
   Stlth:     It makes you less stealthy.
Wands
 i - a wand of iceblast (29)
 v - a wand of digging (7)
 L - a wand of paralysis (12)
 R - a wand of acid (2)
Scrolls
 c - 8 scrolls of fog
 g - 6 scrolls of poison
 j - 2 scrolls of immolation
 p - 7 scrolls of blinking
 t - a scroll of magic mapping
 z - a scroll of summoning
 B - 4 scrolls of vulnerability
 O - a scroll of fear
 P - 6 scrolls of teleportation
 S - 4 scrolls of silence
Potions
 f - 4 potions of mutation
 m - a potion of cancellation
 n - a potion of haste
 q - 9 potions of attraction
 u - 5 potions of lignification
 C - 11 potions of flight
 D - 3 potions of invisibility
 E - a potion of resistance
 F - 8 potions of curing
 H - 2 potions of heal wounds
 N - 5 potions of might
Miscellaneous
 d - a phantom mirror
 h - a tin of tremorstones (2/2)
 r - a phial of floods
 J - the horn of Geryon (inert)
 X - a lightning rod (4/4)
 Y - a condenser vane


   Skills:
 + Level 19.8 Fighting
 - Level 2.0 Short Blades
 - Level 12.2 Armour
 - Level 15.2 Dodging
 - Level 5.0 Stealth
 - Level 14.0 Shields
 - Level 16.5 Spellcasting
 - Level 20.2 Conjurations
 - Level 11.0 Summonings
 - Level 9.0 Necromancy
 - Level 4.0 Transmutations
 - Level 21.0 Fire Magic
 - Level 11.0 Earth Magic
 - Level 9.0 Poison Magic
 - Level 1.4 Evocations


You had 2 spell levels left.
You knew the following spells:

 Your Spells              Type           Power      Damage    Failure   Level
a - Borgnjor's Vile Clut  Necr/Erth      29%        N/A       2%          5
b - Poisonous Vapours     Pois/Air       74%        N/A       1%          2
c - Olgreb's Toxic Radia  Pois           55%        N/A       1%          4
d - Ignite Poison         Fire/Tmut/Pois 61%        N/A       1%          3
e - Iron Shot             Conj/Erth      46%        9d9       1%          6
f - Irradiate             Conj/Tmut      41%        3d25      1%          5
g - Iskenderun's Battles  Conj           100%       2d15      1%          5
h - Fireball              Conj/Fire      52%        3d20      1%          5
i - Ignition              Fire           42%        3d12      6%          8
j - Sublimation of Blood  Necr           55%        N/A       1%          2
k - Apportation           Tloc           36%        N/A       4%          1
l - Spellforged Servitor  Conj/Summ      46%        N/A       6%          7
z - Passwall              Tmut/Erth      41%        N/A       1%          2
Z - Blink                 Tloc           36%        N/A       7%          2

Your spell library contained the following spells:

 Spells                   Type           Power      Damage    Failure   Level
 Foxfire                  Conj/Fire      100%       2x1d9     0%          1
 Magic Dart               Conj           100%       1d8       0%          1
 Searing Ray              Conj           100%       2d8       0%          2
 Beastly Appendage        Tmut           70%        N/A       1%          1
 Necrotise                Necr           100%       1d9       1%          1
 Sandblast                Erth           100%       2d20      1%          1
 Shock                    Conj/Air       100%       1d9       1%          1
 Sting                    Tmut/Pois      100%       1d8       1%          1
 Summon Small Mammal      Summ           100%       N/A       1%          1
 Static Discharge         Conj/Air       76%        3-13/arc  1%          2
 Wereblood                Tmut           35%        N/A       1%          2
 Freeze                   Ice            72%        1d9       4%          1
 Ensorcelled Hibernation  Hex/Ice        36%        N/A       7%          2
 Conjure Flame            Conj/Fire      100%       6-21      0%          3
 Call Canine Familiar     Summ           61%        N/A       1%          3
 Dazzling Flash           Conj/Hex       100%       N/A       1%          3
 Inner Flame              Hex/Fire       59%        N/A       1%          3
 Spider Form              Tmut/Pois      46%        N/A       1%          3
 Stone Arrow              Conj/Erth      100%       3d13      1%          3
 Summon Guardian Golem    Hex/Summ       42%        N/A       1%          3
 Animate Dead             Necr           55%        N/A       1%          4
 Dispel Undead            Necr           55%        3d20      1%          4
 Flame Wave               Conj/Fire      100%       2d21      1%          4
 Fulminant Prism          Conj/Hex       38%        3d18      1%          4
 Hailstorm                Conj/Ice       76%        3d16      1%          4
 Sticky Flame             Conj/Fire      100%       2d11      1%          4
 Lightning Bolt           Conj/Air       38%        1d56      1%          5
 Starburst                Conj/Fire      52%        6d14      1%          6
 Orb of Destruction       Conj           51%        9d13      1%          7
 Petrify                  Tmut/Erth      50%        N/A       2%          4
 Corpse Rot               Necr/Pois/Air  44%        N/A       4%          4
 Summon Ice Beast         Ice/Summ       42%        N/A       4%          4
 Summon Lightning Spire   Summ/Air       42%        N/A       4%          4
 Anguish                  Hex/Necr       18%        N/A       8%          4
 Alistair's Intoxication  Tmut/Pois      30%        N/A       9%          5
 Freezing Cloud           Conj/Ice/Air   32%        6-21      9%          5
 Conjure Ball Lightning   Conj/Air       38%        3x3d12    12%         6
 Summon Forest            Summ/Tloc      21%        N/A       13%         5
 Summon Mana Viper        Hex/Summ       42%        N/A       13%         5
 Confusing Touch          Hex            18%        N/A       14%         3
 Frozen Ramparts          Ice            36%        1d6       14%         3
 Gell's Gravitas          Tloc           18%        N/A       14%         3
 Ozocubu's Armour         Ice            18%        N/A       14%         3
 Portal Projectile        Hex/Tloc       36%        N/A       14%         3
 Swiftness                Air            18%        N/A       14%         3
 Tukima's Dance           Hex            18%        N/A       14%         3
 Death Channel            Necr           27%        N/A       17%         6
 Monstrous Menagerie      Summ           30%        N/A       38%         7
 Summon Hydra             Summ           30%        N/A       38%         7
 Airstrike                Air            9%         2d(2-18)  41%         4
 Passage of Golubria      Tloc           18%        N/A       41%         4
 Eringya's Noxious Bog    Tmut/Pois      23%        N/A       43%         6
 Lehudib's Crystal Spear  Conj/Erth      46%        10d11     43%         8
 Yara's Violent Unravell  Hex/Tmut       13%        3d7       45%         5
 Haunt                    Necr/Summ      29%        N/A       52%         7
 Fire Storm               Conj/Fire      52%        8d13      65%         9
 Simulacrum               Ice/Necr       18%        N/A       69%         6
 Manifold Assault         Tloc           18%        N/A       75%         5
 Metabolic Englaciation   Hex/Ice        9%         N/A       75%         5
 Silence                  Hex/Air        9%         N/A       75%         5
 Summon Horrible Things   Summ           30%        N/A       96%         8
 Malign Gateway           Summ/Tloc      21%        N/A       98%         7
 Dispersal                Tloc           9%         N/A       99%         6
 Dragon Form              Tmut           17%        N/A       99%         7
 Infestation              Necr           27%        N/A       99%         8
 Ozocubu's Refrigeration  Ice            9%         4d9       100%        7
 Storm Form               Tmut/Air       13%        N/A       100%        7
 Maxwell's Capacitive Co  Air            9%         ∞         100%        8
 Chain Lightning          Conj/Air       38%        3d50      100%        9
 Death's Door             Necr           27%        N/A       100%        9
 Polar Vortex             Ice            9%         N/A       100%        9
 Shatter                  Erth           30%        3d25*     100%        9


Dungeon Overview and Level Annotations

Branches:
Dungeon (15/15)            Temple (0/1) D:7            Lair (5/5) D:8
  Swamp (4/4) Lair:3       Spider (4/4) Lair:2        Slime (5/5) Lair:4
    Orc (2/2) D:10            Elf (3/3) Orc:2        Vaults (4/5) D:13
  Crypt (0/3) Vaults:3     Depths (4/4) D:15           Hell (visited)
    Dis (0/7) Hell            Geh (0/7) Hell            Coc (0/7) Hell
    Tar (0/7) Hell            Zot (5/5) Depths:4

Altars:
Ashenzari
Cheibriados
Dithmenos
Elyvilon
Gozag
Kikubaaqudgha
Makhleb
Nemelex Xobeh
Okawaru
Qazlal
Ru
Trog
Vehumet
Xom
Zin
Jiyva

Shops:
D:4 :::   D:8 (   D:10 :   Orc:2 ?(([   Elf:1 ?   Vaults:1 :   Vaults:3 =
Depths:2 =::

Portals:
Hell: Depths:1 Depths:2 Depths:3 Depths:4
Abyss: Depths:2 Depths:3
Pandemonium: Depths:1 Depths:2 Depths:3
Ziggurat: Depths:2

Annotations:
Spider:2 Aizul
Spider:3 Arachne
Orc:2 3 runed translucent doors, RascalDebosk's ghost, journeyman MiFi
Elf:2 3 runed translucent doors, Roxanne
Vaults:4 2 transporters, exclusion: obsidian statue
Zot:1 1 transporter
Zot:5 4 transporters


Innate Abilities, Weirdness & Mutations

You have very sharp teeth.
You do not regenerate when monsters are visible.
You are very weak. (Str -4)
Your movements are slightly less encumbered by armour. (ER -2)


Message History

The zombie hands constrict the hellion!
The hellion gestures at you.
The sphere of damnation explodes!
The damnation engulfs you!!
Casting: Borgnjor's Vile Clutch (mildly dangerous; 2% risk of failure)
Confirm with . or Enter, or press ? or * to list all spells.
You can't see any susceptible monsters within range! (Use Z to cast anyway.) Unknown command.
The zombie hands constrict the hellion!
The hellion struggles to escape constriction.
Casting: Borgnjor's Vile Clutch (mildly dangerous; 2% risk of failure)
Confirm with . or Enter, or press ? or * to list all spells.
Aiming: Iron Shot (mildly dangerous; 1% risk of failure)
Press: ? - help, Shift-Dir - straight line, f/p - hellion
Aim: a hellion (almost dead, constricted by zombie hands, umbra, 100% to hit)
You feel a surge of power!
The iron shot hits the hellion!!!
You kill the hellion!
Dithmenos accepts your kill.
Your shadow mimicks your spell!
(D) Dungeon (T) Temple (L) Lair (S) Swamp (N) Spider Nest (M) Slime Pits (O) Orcish Mines (E) Elven Halls (V) Vaults (C) Crypt (U) Depths (H) Hell (I) Dis (G) Gehenna (X) Cocytus (Y) Tartarus (Z) Zot
Where to? (Enter - D:1 @ (x,y), ? - help)
There is a stone staircase leading up, spattered with blood here.
You climb upwards.
There is a stone staircase leading down here.
HP restored.
There is a stone staircase leading up here.
You climb upwards.
There is a stone staircase leading down here.
Your magical contamination has completely faded away.
There is a stone staircase leading up here.
You climb upwards.
There is a stone staircase leading down, spattered with blood here.
You see here a +0 halberd.
There is a stone staircase leading up here.
You climb upwards.
There is a stone staircase leading down here.
You see here a +0 short sword.
There is a stone staircase leading down here.
There is a stone staircase leading up here.
You climb upwards.
A lorocyproca comes into view.
There is a stone staircase leading down here.
Casting: Iron Shot (mildly dangerous; 1% risk of failure)
Confirm with . or Enter, or press ? or * to list all spells.
Aiming: Borgnjor's Vile Clutch (mildly dangerous; 2% risk of failure)
Press: ? - help, Shift-Dir - straight line, f - lorocyproca
Aim: a lorocyproca (slightly transparent, umbra, 100% to hit)
Zombie hands grab the lorocyproca.
The zombie hands constrict the lorocyproca.
The zombie hands constrict the lorocyproca.
The lorocyproca struggles to escape constriction.
Casting: Borgnjor's Vile Clutch (mildly dangerous; 2% risk of failure)
Confirm with . or Enter, or press ? or * to list all spells.
Aiming: Iron Shot (mildly dangerous; 1% risk of failure)
Press: ? - help, Shift-Dir - straight line, f/p - lorocyproca
Aim: a lorocyproca (lightly wounded, slightly transparent, constricted by zombie hands, umbra, 100% to hit)
You feel a surge of power!
The iron shot hits the lorocyproca!!!
The lorocyproca is heavily wounded.
Your shadow mimicks your spell!
The shadow shard hits the lorocyproca!
The zombie hands constrict the lorocyproca!
The lorocyproca struggles to escape constriction.
Casting: Iron Shot (mildly dangerous; 1% risk of failure)
Confirm with . or Enter, or press ? or * to list all spells.
You can't see any susceptible monsters within range! (Use Z to cast anyway.) Unknown command.
Casting: Iron Shot (mildly dangerous; 1% risk of failure)
Confirm with . or Enter, or press ? or * to list all spells.
Aiming: Iron Shot (mildly dangerous; 1% risk of failure)
Press: ? - help, Shift-Dir - straight line, f/p - lorocyproca
Aim: a lorocyproca (severely wounded, slightly transparent, constricted by zombie hands, umbra, 100% to hit)
You feel a surge of power!
The iron shot hits the lorocyproca!!
You kill the lorocyproca!
Dithmenos accepts your kill.
(D) Dungeon (T) Temple (L) Lair (S) Swamp (N) Spider Nest (M) Slime Pits (O) Orcish Mines (E) Elven Halls (V) Vaults (C) Crypt (U) Depths (H) Hell (I) Dis (G) Gehenna (X) Cocytus (Y) Tartarus (Z) Zot
Where to? (Enter - D:1 @ (x,y), ? - help)
There is a stone staircase leading down here.
There is a stone staircase leading up here.
You climb upwards.
There is a stone staircase leading down here.
There is a stone staircase leading up here.
You see here a potion of degeneration.
Magic restored.
You climb upwards.
There is a stone staircase leading down here.
You see here a +0 short sword.
You see here a +0 dagger.
You see here 2 potions of degeneration.
There is a stone staircase leading up here.
You climb upwards.
There is a stone staircase leading down here.
There is a staircase leading out of the dungeon here.
You have escaped!

........#.####...###########...##
......###.####.#..## #...##
.......##....#.##..#### #...#
.8...8....##.#.###....### #...#
...#...#.###...# ####...## #...#
#.###.##†# #.### ######..###...#
...#.....# #'# #............##
.8†..8.### #.#####............# #
...#...# #....@#............# #
#.###.### #>#####...........[###
...#....##########.............##
.8...8..)......................##
...#.............................
..####.............#).......####.
..# ##########....#.)......# #.
..# #....#....[...# ## ..#
#†...#........# #


There were no monsters in sight!

Vanquished Creatures
  the Royal Jelly (Slime:5)
  3 dread liches (Zot:5)
  An ancient lich (Zot:5)
  3 orbs of fire
  Mara (Depths:2)
  A juggernaut (Depths:3)
  3 Killer Klowns (Zot:5)
  Saint Roka (Depths:3)
  Nikola (Spider:2)
  4 caustic shrikes (Depths:4)
  6 golden dragons
  Jory (Depths:2)
  Geryon (Hell)
  the Enchantress (Depths:4)
  Mlioglotl (Spider:4)
  10 tentacled monstrosities
  A walking crystal tome (Depths:3)
  Rupert (D:15)
  3 liches
  3 walking divine tomes (Depths:3)
  15 Orb Guardians
  3 deep elf blademasters (Elf:3)
  2 walking frostbound tomes (Depths:3)
  3 quicksilver dragons
  4 titans (Depths:3)
  2 deep elf master archers (Elf:3)
  4 ancient champions
  3 tentacled starspawn (Abyss:2)
  A death cob (Zot:5)
  13 acid blobs
  An Executioner (D:10)
  A thorn hunter (Swamp:2)
  2 shadow dragons
  Agnes (D:15)
  3 sphinxes
  3 tengu reavers
  Kirke (D:11)
  10 storm dragons
  A draconian monk (Depths:4)
  9 azure jellies
  10 frost giants
  2 orc warlords
  9 deep elf sorcerers
  5 emperor scorpions (Spider:4)
  10 rockslimes (Slime:5)
  11 fire giants
  7 vault wardens
  7 ghost moths
  A balrug (Zot:5)
  4 iron dragons
  4 draconian knights
  A draconian shifter (Zot:5)
  3 draconian scorchers
  8 deep elf elementalists
  14 ironbound preservers
  4 spriggan defenders
  12 quicksilver oozes
  A draconian annihilator (Depths:4)
  2 green draconians
  2 quicksilver oozes (shapeshifter) (Depths:3)
  23 very ugly things
  4 broodmothers (Spider:4)
  3 reapers (Hell)
  6 vampire knights
  6 war gargoyles
  6 ironbound thunderhulks
  24 stone giants
  2 lorocyprocas
  6 deep elf demonologists
  3 white draconians
  12 spark wasps
  3 entropy weavers
  3 black draconians
  3 bunyips
  13 deep elf annihilators
  3 red draconians
  2 eleionomae
  10 dire elephants
  3 purple draconians (Zot:4)
  2 crystal guardians (Vaults:4)
  5 deep elf death magi
  4 blizzard demons
  A merfolk javelineer (Depths:1)
  7 ettins
  A quicksilver dragon zombie (Hell)
  4 great orbs of eyes
  2 shambling mangroves
  4 deep elf high priests (Elf:3)
  10 fire dragons
  12 yaktaur captains
  11 ice dragons
  3 vault guards
  5 boulder beetles
  5 spriggan air magi
  11 hydras
  2 ghost crabs (Swamp:4)
  5 ogre magi
  2 catoblepae
  4 peacekeepers
  The ghost of gelatine the Tainter, a journeyman FoVM of Makhleb (Lair:1)
  2 radroaches (Spider:4)
  8 centaur warriors
  2 death knights (Vaults:3)
  2 hell beasts
  4 rakshasas
  3 spriggan skeletons
  16 two-headed ogres
  3 ironbound frosthearts
  22 dancing weapons
  8 deep troll shamans
  15 death yaks
  5 nameless horrors
  5 tengu warriors
  2 vampire magi
  10 deep troll earth magi
  11 spriggan berserkers
  6 alligators
  6 orc high priests
  A hell hog (Abyss:2)
  3 wretched stars (Abyss:2)
  18 deep elf knights
  2 shadow wraiths (Depths:4)
  6 soul eaters
  5 hell knights
  4 sun demons
  17 spriggans
  A fire crab (Lair:5)
  8 iron trolls
  A sun moth (Spider:3)
  5 pharaoh ants
  2 steelbarb worms
  10 large abominations
  2 death drakes
  5 spriggan druids
  44 deep trolls
  2 goliath frogs
  9 skeletal warriors
  10 orb spiders
  2 glowing orange brains (Depths:3)
  3 anaconda zombies (Hell)
  3 starcursed masses (Abyss:2)
  3 phantasmal warriors (Hell)
  A golden dragon skeleton (Abyss:2)
  9 lindwurms
  9 bog bodies
  5 swamp dragons
  6 ironbound convokers
  9 deep elf archers
  2 orc knights (Vaults:3)
  3 harpies (Vaults:1)
  11 necromancers
  17 wizards
  2 shining eyes
  2 anaconda skeletons (Hell)
  24 deep elf zephyrmancers
  3 flayed ghosts
  22 wolf spiders
  A wolf spider (shapeshifter) (Depths:1)
  19 deep elf pyromancers
  A salamander (Depths:4)
  6 orc sorcerers
  2 manticores (D:13)
  53 ugly things
  5 will-o-the-wisps
  13 elephants
  A stone giant skeleton (Depths:1)
  8 moths of wrath
  6 cyclopes
  A moth of wrath (shapeshifter) (Depths:3)
  An oklob plant (Lair:4)
  15 vault sentinels
  2 naga magi (D:15)
  4 black mambas
  A guardian serpent (Abyss:2)
  12 rust devils
  Maggie (D:7)
  A cane toad (shapeshifter) (D:15)
  25 cane toads
  A naga zombie (Hell)
  An eye of devastation (Slime:5)
  An ice statue (Hell)
  4 smoke demons
  2 orange demons
  2 unseen horrors (D:11)
  2 centaur skeletons (D:15)
  A torpor snail (shapeshifter) (Depths:1)
  6 torpor snails
  A tormentor (Zot:4)
  A rime drake (Lair:5)
  Psyche (D:12)
  3 freezing wraiths
  2 hellions
  2 swamp worm zombies (Swamp:4)
  28 yaktaurs
  A sea snake zombie (Hell)
  An anaconda simulacrum (Hell)
  3 tengu conjurers
  9 demonic crawlers
  An ancient zyme (Abyss:2)
  2 efreet (Abyss:2)
  5 komodo dragons
  2 hellwings (D:15)
  A queen bee (Spider:1)
  4 bloated husks
  A red devil (D:15)
  4 trolls
  3 hydra zombies
  9 meliai
  A polar bear (Lair:4)
  10 tyrant leeches
  87 slime creatures
  14 blink frogs
  15 hornets
  15 tarantellas
  4 dream sheep (Lair:4)
  8 raiju (Abyss:2)
  A snapping turtle (shapeshifter) (Elf:1)
  3 spectral swamp dragons (Swamp:4)
  A meliai zombie (D:15)
  5 alligator zombies
  Sigmund (D:2)
  2 centaur simulacra (D:15)
  16 culicivoras
  An air elemental (Elf:3)
  4 flying skulls (Abyss:2)
  4 water elementals
  An alligator skeleton (Hell)
  4 vampires
  42 jumping spiders
  5 ynoxinuls
  48 yaks
  3 shadows
  7 wyverns
  A wyvern (shapeshifter) (Abyss:2)
  5 wraiths
  7 hogs
  20 humans (D:13)
  3 golden eyes (Slime:5)
  2 basilisks
  A steam dragon (Lair:2)
  A redback (shapeshifter) (Elf:2)
  49 redbacks
  A neqoxec (Abyss:2)
  8 fire elementals
  8 vampire mosquitoes
  2 chaos spawn
  A swamp worm (shapeshifter) (Depths:3)
  A glowing shapeshifter zombie (Depths:1)
  3 wargs
  12 swamp worms
  An acid dragon (D:12)
  18 water moccasins
  2 floating eyes
  3 black bears
  2 ice beasts
  A sky beast (D:7)
  An ettin simulacrum (Vaults:4)
  3 swamp drakes (Swamp:1)
  4 swamp dragon zombies (Swamp:4)
  26 orc warriors
  19 wolves
  9 ogres
  9 centaurs
  2 phantoms
  3 kobold brigands
  An elf zombie (Elf:1)
  4 earth elementals
  13 bullfrogs
  3 necrophages
  11 small abominations (Abyss:2)
  2 gnoll sergeants
  4 wights
  17 killer bees
  3 electric eels
  6 howler monkeys
  2 crimson imps
  4 quasits (Abyss:2)
  A hound (D:4)
  26 orc priests
  A gnoll bouda (D:6)
  An iron imp (Abyss:2)
  Jessica (D:2)
  3 iguanas
  21 orc wizards
  8 hell rats
  3 spectral swamp drakes (Swamp:4)
  18 gnolls
  6 adders
  A white imp (Vaults:4)
  4 ufetubi
  A worm (shapeshifter) (Depths:3)
  3 dart slugs
  75 orcs
  3 ball pythons
  A bat (D:1)
  4 endoplasms
  2 giant cockroaches
  5 goblins
  6 hobgoblins
  9 jackals
  21 kobolds
  7 quokkas
  6 frilled lizards
  6 rats
  3 briar patches (Swamp:2)
  A creeping inferno (Hell)
  A fire vortex (Hell)
2033 creatures vanquished.

Vanquished Creatures (collateral kills)
  A dread lich (Zot:5)
  A Killer Klown (Zot:5)
  An electric golem (Zot:5)
  10 Orb Guardians (Zot:5)
  2 storm dragons (Zot:4)
  A draconian annihilator (Zot:4)
  A stone giant (Depths:2)
  2 green draconians (Zot:4)
  A black draconian (Zot:4)
  2 white draconians
  A hell beast (Depths:4)
  A spriggan berserker (Depths:3)
  A sun demon (Zot:5)
  A neqoxec (Abyss:2)
  An acid dragon (D:9)
27 creatures vanquished.

Vanquished Creatures (others)
  A fire giant (Depths:1)
  A ghost crab (Swamp:4)
  A hydra (Swamp:3)
  2 deep elf zephyrmancers (Elf:1)
  A hydra zombie (Swamp:4)
  4 bloated husks (Swamp:4)
  An alligator zombie (Swamp:4)
  2 spectral swamp dragons (Swamp:4)
  5 phantoms (Swamp:4)
  6 demonic plants (D:15)
  13 foxfires
  49 fungi
  137 plants
  13 starspawn tentacles (Abyss:2)
236 creatures vanquished.

Grand Total: 2296 creatures vanquished

Notes
Turn   | Place    | Note
-------+----------+-------------------------------------------
     0 | D:5      | FizzleBang29 the Human Delver began the quest for the Orb.
     0 | D:5      | Reached XP level 1. HP: 18/18 MP: 1/1
   252 | D:3      | Noticed a bullfrog
   301 | D:3      | Found a shadowy altar of Dithmenos.
   306 | D:3      | Became a worshipper of Dithmenos the Shadowed
   477 | D:2      | Reached XP level 2. HP: 23/24 MP: 2/2
  1033 | D:1      | Reached XP level 3. HP: 30/30 MP: 3/3
  1129 | D:1      | Reached * piety under Dithmenos
  1395 | D:2      | Noticed Sigmund
  1921 | D:2      | Reached XP level 4. HP: 38/38 MP: 4/4
  1973 | D:2      | Noticed Jessica
  2717 | D:4      | Found a white marble altar of Elyvilon.
  2742 | D:4      | Found Fangoch's Book Shop.
  2773 | D:4      | Reached skill level 5 in Fighting
  2773 | D:4      | Reached XP level 5. HP: 32/44 MP: 5/5
  3062 | D:4      | Found Regask's Book Emporium.
  3156 | D:4      | Reached skill level 1 in Earth Magic
  3331 | D:4      | Found a burning altar of Makhleb.
  3331 | D:4      | Found a radiant altar of Vehumet.
  3355 | D:4      | Reached XP level 6. HP: 44/52 MP: 6/6
  3402 | D:4      | Learned a level 2 spell: Passwall
  3478 | D:4      | Found Isizxet's Book Boutique.
  3717 | D:5      | Noticed an ogre
  3724 | D:5      | Found a glowing silver altar of Zin.
  3738 | D:5      | Found a sparkling altar of Nemelex Xobeh.
  3755 | D:5      | Killed an ogre
  3951 | D:5      | Learned a level 3 spell: Stone Arrow
  4119 | D:5      | Reached XP level 7. HP: 50/58 MP: 7/7
  4895 | D:5      | Reached ** piety under Dithmenos
  5057 | D:6      | Reached skill level 5 in Earth Magic
  5898 | D:6      | Noticed a two-headed ogre
  6256 | D:4      | Reached skill level 1 in Spellcasting
  6256 | D:4      | Reached XP level 8. HP: 41/61 MP: 9/9
  6654 | D:2      | Killed Jessica
  6655 | D:2      | Reached skill level 1 in Conjurations
  6983 | D:2      | Killed Sigmund
  7311 | D:4      | Bought a Young Poisoner's Handbook for 200 gold pieces
  7314 | D:4      | Learned a level 2 spell: Poisonous Vapours
  7319 | D:4      | Learned a level 4 spell: Olgreb's Toxic Radiance
  7915 | D:6      | Killed a two-headed ogre
  7916 | D:6      | Reached XP level 9. HP: 69/69 MP: 13/13
  8635 | D:7      | Found a broken altar of Ashenzari.
  8817 | D:7      | Found a staircase to the Ecumenical Temple.
  8817 | D:7      | Noticed Maggie
  8839 | D:7      | Killed Maggie
 10112 | D:8      | Reached XP level 10. HP: 42/76 MP: 14/14
 10275 | D:8      | Found a staircase to the Lair.
 10432 | D:8      | Reached *** piety under Dithmenos
 10774 | D:8      | Reached skill level 5 in Conjurations
 11483 | D:8      | Noticed a centaur warrior
 11651 | D:8      | Found Canyrref's Antique Weapon Emporium.
 12016 | D:8      | Bought a shimmering long sword for 178 gold pieces
 12016 | D:8      | Identified the +9 long sword "Qesk" {drain, rPois rN+
                  | Dex-5} (You bought it in a shop on level 8 of the Dungeon)
 12571 | D:9      | Found an ancient bone altar of Kikubaaqudgha.
 12571 | D:9      | Found a stormy altar of Qazlal.
 12726 | D:9      | Reached skill level 5 in Spellcasting
 13041 | D:9      | Noticed a two-headed ogre
 13074 | D:9      | Killed a two-headed ogre
 13075 | D:9      | Reached XP level 11. HP: 84/84 MP: 19/19
 14286 | D:10     | Entered Level 10 of the Dungeon
 14558 | D:10     | Found a snail-covered altar of Cheibriados.
 14558 | D:10     | Found a sacrificial altar of Ru.
 14564 | D:10     | Found a shimmering altar of Xom.
 14591 | D:10     | Reached skill level 5 in Dodging
 14759 | D:10     | Found Unoages's Book Shop.
 14943 | D:10     | Reached **** piety under Dithmenos
 15220 | D:10     | Found a staircase to the Orcish Mines.
 15821 | Orc:1    | Entered Level 1 of the Orcish Mines
 16084 | Orc:1    | Noticed an orc sorcerer
 16091 | Orc:1    | Paralysed by an orc sorcerer for 3 turns
 16094 | Orc:1    | Noticed a sixfirhy
 16094 | Orc:1    | Killed an orc sorcerer
 16515 | Orc:2    | Entered Level 2 of the Orcish Mines
 17039 | D:4      | Bought an Everburning Encyclopedia for 260 gold pieces
 17043 | D:4      | Learned a level 3 spell: Ignite Poison
 17235 | Orc:2    | Found a runed translucent gate.
 17236 | Orc:2    | Found a runed translucent gate.
 17236 | Orc:2    | Found an opulent altar of Gozag.
 17237 | Orc:2    | Found a runed translucent gate.
 17277 | Orc:2    | Noticed a two-headed ogre
 17359 | Orc:1    | Reached skill level 1 in Transmutations
 17359 | Orc:1    | Reached skill level 1 in Fire Magic
 17369 | Orc:1    | Noticed an ogre mage
 17529 | Orc:2    | Noticed an orc sorcerer
 17848 | Orc:2    | Noticed an orc high priest
 17850 | Orc:2    | Noticed a soul eater
 17867 | Orc:2    | Killed an orc high priest
 17868 | Orc:2    | Reached skill level 2 in Fire Magic
 17868 | Orc:2    | Reached XP level 12. HP: 26/92 MP: 16/24
 18149 | Orc:2    | Reached skill level 3 in Fire Magic
 18186 | Orc:2    | Killed a two-headed ogre
 18298 | Orc:2    | Noticed a two-headed ogre
 18304 | Orc:2    | Noticed an orc high priest
 18317 | Orc:2    | Noticed RascalDebosk's ghost (journeyman MiFi)
 18343 | Orc:2    | Noticed an orc warlord
 18647 | D:8      | Reached skill level 4 in Fire Magic
 18655 | D:8      | Killed a centaur warrior
 18998 | D:10     | Bought a book of Flames for 330 gold pieces
 19002 | D:10     | Learned a level 3 spell: Inner Flame
 19007 | D:10     | Learned a level 4 spell: Flame Wave
 19087 | Lair:1   | Entered Level 1 of the Lair of Beasts
 19188 | Lair:1   | Noticed a catoblepas
 19193 | Lair:1   | Reached skill level 5 in Fire Magic
 19198 | Lair:1   | Killed a catoblepas
 19198 | Lair:1   | Reached ***** piety under Dithmenos
 19379 | Lair:1   | Reached skill level 6 in Fire Magic
 19706 | Lair:1   | Found a runed translucent gate.
 19706 | Lair:1   | Found a runed translucent gate.
 19706 | Lair:1   | Found a runed translucent gate.
 19707 | Lair:1   | Noticed a nine-headed hydra
 19708 | Lair:1   | Noticed gelatine's ghost (journeyman FoVM)
 19715 | Lair:1   | Learned a level 4 spell: Sticky Flame
 20069 | Lair:1   | Identified a scroll of acquirement
 20070 | Lair:1   | Acquired the ring of the Saviour {rCorr AC+4 Int+3}
 20324 | Lair:1   | Killed gelatine's ghost
 20325 | Lair:1   | Reached skill level 7 in Fire Magic
 20357 | Lair:1   | Killed a nine-headed hydra
 20358 | Lair:1   | Reached XP level 13. HP: 57/98 MP: 9/25
 20522 | Lair:1   | Identified the +6 scimitar "Zixileu" {elec, *Rage rF++}
 20563 | Lair:2   | Noticed an eight-headed hydra
 20638 | Lair:2   | Reached skill level 8 in Fire Magic
 21008 | Lair:2   | Reached skill level 9 in Fire Magic
 21042 | Lair:2   | Identified the +9 mace "Weomodip" {vorpal, rPois Int+3}
 21056 | Lair:2   | Found a hole to the Spider Nest.
 21083 | Lair:2   | Reached skill level 10 in Fire Magic
 21316 | Lair:2   | Killed an eight-headed hydra
 21975 | Lair:3   | Reached skill level 11 in Fire Magic
 22023 | Lair:3   | Noticed a catoblepas
 22028 | Lair:3   | Killed a catoblepas
 22329 | Lair:3   | Found a staircase to the Swamp.
 22329 | Lair:3   | Noticed a four-headed hydra
 22337 | Lair:3   | Killed a four-headed hydra
 23513 | Lair:4   | Reached skill level 10 in Spellcasting
 23780 | Lair:4   | Reached XP level 14. HP: 106/106 MP: 16/28
 24352 | Lair:4   | Reached skill level 10 in Fighting
 24449 | Lair:4   | Reached skill level 1 in Shields
 24828 | Lair:4   | Learned a level 5 spell: Fireball
 24830 | Lair:4   | Found a viscous altar of Jiyva.
 24831 | Lair:4   | Found a staircase to the Slime Pits.
 25394 | Lair:5   | Entered Level 5 of the Lair of Beasts
 26311 | Lair:5   | Reached skill level 12 in Fire Magic
 26525 | Lair:5   | Reached ****** piety under Dithmenos
 26559 | Lair:5   | Reached XP level 15. HP: 113/118 MP: 27/29
 27691 | Lair:5   | Identified the ring of Niudekh {rPois rC+ rN++ Will- SInv}
 28918 | Orc:2    | Killed an orc warlord
 28919 | Orc:2    | Reached skill level 13 in Fire Magic
 29507 | Orc:2    | Found Emab's Antique Weapon Boutique.
 29507 | Orc:2    | Found Fyze's Magic Scroll Boutique.
 29508 | Orc:2    | Found Qeucuggu's Antique Weapon Shop.
 29512 | Orc:2    | Found Fuyphaydd's Antique Armour Shop.
 29596 | Orc:2    | Found a staircase to the Elven Halls.
 30077 | Orc:1    | Reached skill level 14 in Fire Magic
 30327 | Orc:2    | Bought a fading ring mail for 234 gold pieces
 30327 | Orc:2    | Identified the +0 ring mail of Zonenlir {rPois Str+2
                  | Stlth+} (You bought it in a shop on level 2 of the Orcish
                  | Mines)
 30511 | D:4      | Bought the Compendium of Torrid Transformation for 500 gold
                  | pieces
 30517 | D:4      | Learned a level 5 spell: Irradiate
 31458 | D:12     | Noticed Psyche
 31462 | D:12     | Killed Psyche
 31618 | D:12     | Noticed Kirke
 31639 | D:11     | Noticed a sphinx
 31640 | D:11     | Killed Kirke
 32229 | D:12     | You fall into a shaft and drop 3 floors!
 32229 | D:15     | Entered Level 15 of the Dungeon
 32475 | D:13     | Reached XP level 16. HP: 105/125 MP: 19/31
 33061 | D:13     | Reached skill level 10 in Conjurations
 33595 | D:12     | Identified the +1 ring mail "Cuugun" {+Blink rN+ Will-
                  | Str+4}
 35323 | D:14     | Reached skill level 5 in Shields
 35409 | D:14     | Learned a level 6 spell: Starburst
 35975 | D:15     | Noticed Rupert
 36534 | Spider:1 | Entered Level 1 of the Spider Nest
 38117 | Spider:2 | Reached XP level 17. HP: 131/131 MP: 31/32
 38171 | Spider:2 | Reached skill level 10 in Shields
 38465 | Spider:2 | Identified the +2 pair of gloves "Nivas" {rC- MP+9 Str-4
                  | Stlth+}
 38465 | Spider:2 | Noticed Nikola
 38951 | Spider:2 | Killed Nikola
 39096 | Spider:2 | Identified the +0 pair of boots of Kahegaq {rC+ rN+ Stlth+}
 39705 | Spider:2 | Noticed Aizul
 39808 | Spider:2 | Gained mutation: You occasionally lose the ability to drink
                  | potions when taking damage. [mutagenic glow]
 39812 | Spider:2 | Lost mutation: You occasionally lose the ability to drink
                  | potions when taking damage. [potion of mutation]
 39812 | Spider:2 | Gained mutation: You are partially covered in iridescent
                  | scales. (AC +2) [potion of mutation]
 39812 | Spider:2 | Gained mutation: Your spells are a little easier to cast,
                  | but a little less powerful. [potion of mutation]
 39812 | Spider:2 | Gained mutation: Your flesh is heat resistant. (rF+)
                  | [potion of mutation]
 41463 | Spider:3 | Noticed Arachne
 41564 | Spider:3 | Identified the +10 scale mail of the Beginning {Stlth+}
 42310 | Spider:4 | Entered Level 4 of the Spider Nest
 43854 | Spider:4 | Noticed Mlioglotl
 43951 | Spider:4 | Killed Mlioglotl
 43952 | Spider:4 | Reached skill level 1 in Armour
 44164 | Spider:4 | Reached XP level 18. HP: 138/138 MP: 29/33
 45944 | Spider:4 | Reached skill level 5 in Armour
 46466 | Spider:4 | Got a gossamer rune of Zot
 46845 | Swamp:1  | Entered Level 1 of the Swamp
 50627 | Swamp:3  | Acquired the ring "Onkamu" {Wiz rC+ rN++ SInv Stlth-}
 51223 | Swamp:4  | Entered Level 4 of the Swamp
 51235 | Swamp:3  | Reached XP level 19. HP: 119/143 MP: 11/34
 51885 | Swamp:4  | Noticed a tentacled monstrosity
 51901 | Swamp:4  | Killed a tentacled monstrosity
 52613 | Swamp:4  | Gained mutation: You are weak. (Str -2) [mutagenic glow]
 52771 | Swamp:4  | Lost mutation: Your flesh is heat resistant. (rF+) [potion
                  | of mutation]
 52771 | Swamp:4  | Lost mutation: You are partially covered in iridescent
                  | scales. (AC +2) [potion of mutation]
 52771 | Swamp:4  | Gained mutation: You are robust. (+10% HP) [potion of
                  | mutation]
 52771 | Swamp:4  | Gained mutation: You have very sharp teeth. [potion of
                  | mutation]
 52771 | Swamp:4  | Gained mutation: A frigid envelope surrounds you and
                  | freezes all who hurt you. [potion of mutation]
 52772 | Swamp:4  | Lost mutation: You are robust. (+10% HP) [potion of
                  | mutation]
 52772 | Swamp:4  | Lost mutation: Your spells are a little easier to cast, but
                  | a little less powerful. [potion of mutation]
 52772 | Swamp:4  | Gained mutation: Your movements are slightly less
                  | encumbered by armour. (ER -2) [potion of mutation]
 53374 | Swamp:4  | Noticed a bone dragon
 53690 | Swamp:4  | Learned a level 6 spell: Iron Shot
 53696 | Swamp:4  | Learned a level 5 spell: Iskenderun's Battlesphere
 53772 | Swamp:4  | Got a decaying rune of Zot
 54357 | D:13     | Found a gate to the Vaults.
 55213 | D:15     | Found a staircase to the Depths.
 55516 | D:15     | Noticed Agnes
 55522 | D:15     | Killed Agnes
 55808 | D:15     | Killed Rupert
 56256 | Vaults:1 | Entered Level 1 of the Vaults
 57066 | Vaults:1 | Found Zuing's Book Shop.
 58112 | Vaults:2 | Reached XP level 20. HP: 153/153 MP: 25/37
 59407 | Vaults:2 | Reached skill level 15 in Fire Magic
 59994 | Vaults:2 | Reached skill level 15 in Conjurations
 60143 | Vaults:2 | Got the Catalogue of Hexing
 61403 | Vaults:3 | Found Plog's Jewellery Emporium.
 61408 | Vaults:3 | Bought the ring "Heongon" {rElec rN+ Int+3 Stlth-} for 583
                  | gold pieces
 61457 | Vaults:3 | Identified the +7 morningstar "Zyiceit" {vorpal, Dex+2}
 62213 | Vaults:3 | Found a staircase to the Crypt.
 62356 | Vaults:3 | Reached skill level 16 in Fire Magic
 62754 | Vaults:3 | Learned a level 2 spell: Sublimation of Blood
 62772 | Vaults:3 | Reached skill level 1 in Necromancy
 62774 | Vaults:3 | Reached XP level 21. HP: 146/159 MP: 19/38
 64460 | Vaults:4 | Reached skill level 10 in Earth Magic
 64752 | Vaults:4 | Found a transporter.
 64763 | Vaults:4 | Found a transporter.
 64966 | Vaults:1 | Bought a book of Unlife for 540 gold pieces
 64973 | Vaults:1 | Learned a level 5 spell: Borgnjor's Vile Clutch
 65929 | Vaults:4 | Reached skill level 5 in Necromancy
 66900 | Elf:1    | Entered Level 1 of the Elven Halls
 67307 | Elf:1    | Found Jitephin's Magic Scroll Boutique.
 67311 | Elf:1    | Bought a scroll of blinking for 142 gold pieces
 67311 | Elf:1    | Bought a scroll of blinking for 142 gold pieces
 67311 | Elf:1    | Bought a scroll of teleportation for 57 gold pieces
 68202 | Elf:1    | Got the Catalogue of Gloom
 68319 | Elf:1    | Reached XP level 22. HP: 169/172 MP: 35/39
 68688 | Elf:1    | Learned a level 8 spell: Ignition
 69762 | Elf:1    | Reached skill level 17 in Fire Magic
 70196 | Elf:2    | Found a runed translucent gate.
 70197 | Elf:2    | Found a runed translucent gate.
 70197 | Elf:2    | Found a runed translucent gate.
 70267 | Elf:2    | Found a portal to a secret trove of treasure.
 70412 | Elf:2    | Noticed Roxanne
 70466 | Elf:2    | Identified the +2 ring mail "Oratuofi" {*Corrode rC+++
                  | Str+5}
 70838 | Elf:3    | Entered Level 3 of the Elven Halls
 71114 | Elf:3    | Reached skill level 18 in Fire Magic
 73405 | Elf:3    | Identified the +1 plate armour "Hiqet" {rC+}
 73407 | Elf:3    | Identified the +1 war axe "Counozai" {freeze, Int+2}
 73634 | Elf:3    | Reached skill level 19 in Fire Magic
 74738 | Elf:3    | Paralysed by an air elemental for 1 turns
 74743 | Elf:3    | Paralysed by an air elemental for 1 turns
 75356 | Elf:3    | Got the Lessons on Warped Misery
 75360 | Elf:3    | Identified the +1 chain mail "Ihopyd" {Str+4 Int+3 Slay+3}
 75364 | Elf:3    | Identified the +8 sling of the Big Fish {venom, rC++ MP+9
                  | Int+3}
 75814 | Slime:1  | Entered Level 1 of the Pits of Slime
 75819 | Slime:1  | Reached XP level 23. HP: 178/178 MP: 33/40
 76225 | Slime:4  | Reached skill level 20 in Fire Magic
 76395 | Slime:4  | Learned a level 1 spell: Apportation
 76407 | Slime:5  | Entered Level 5 of the Pits of Slime
 76981 | Slime:5  | Noticed the Royal Jelly
 76989 | Slime:5  | Killed the Royal Jelly
 77710 | Slime:5  | Reached skill level 21 in Fire Magic
 77823 | Slime:5  | Reached skill level 1 in Evocations
 77918 | Slime:5  | Identified the ring of Nekh {Contam rF+++ MP+9 Str+4 Dex+2}
 77924 | Slime:5  | Got a slimy rune of Zot
 77936 | Slime:5  | Found the +2 ratskin cloak {*Rats rPois rN+ Str-1 Int-1
                  | Dex+1}
 77985 | Slime:5  | Identified the amulet of the Spinneret {Spirit Rampage
                  | Fragile Dex+4}
 78041 | Slime:5  | Identified the +10 short sword of Revolt {flame, *Noise
                  | Will+ Dex+8}
 78637 | D:4      | Bought a manual of Dodging for 800 gold pieces
 78655 | D:4      | Bought an Inescapable Atlas for 340 gold pieces
 78902 | Depths:1 | Entered Level 1 of the Depths
 79029 | Depths:1 | You fall into a shaft and drop 1 floor!
 79205 | Depths:2 | Noticed Mara
 79211 | Depths:2 | Killed Mara
 79233 | Depths:2 | Reached skill level 10 in Dodging
 79404 | Depths:2 | Found Gadiq's Jewellery Boutique.
 79404 | Depths:2 | Found Seew's Book Shoppe.
 79405 | Depths:2 | Found Xinuufah's Book Shoppe.
 79475 | Depths:2 | Found a one-way gate leading to the halls of Pandemonium.
 79654 | Depths:2 | Paralysed by a vampire knight for 4 turns
 80043 | Depths:2 | HP: 27/178 [deep elf annihilator/bolt of lightning (45)]
 80939 | Depths:2 | Noticed Jory
 81219 | Depths:3 | Found a one-way gate to the infinite horrors of the Abyss.
 81397 | Depths:3 | Reached XP level 24. HP: 176/185 MP: 20/41
 81567 | Depths:3 | Found a gateway to Hell.
 81605 | Depths:3 | Noticed a golden dragon
 81607 | Depths:4 | Entered Level 4 of the Depths
 81613 | Depths:4 | Learned a level 2 spell: Blink
 82040 | Abyss:2  | Cast into level 2 of the Abyss (a deep elf demonologist)
 83576 | Depths:2 | Escaped the Abyss
 84535 | Depths:1 | Reached skill level 15 in Spellcasting
 84802 | Depths:1 | Reached skill level 15 in Dodging
 85114 | Depths:1 | Found a bloodstained altar of Trog.
 85403 | Depths:1 | HP: 34/185 [stone giant skeleton[a necromancer] (14)]
 86625 | Depths:2 | Killed Jory
 86824 | Depths:2 | Identified the +1 leather armour of Vomidd {rPois rF++}
 87425 | Depths:2 | Found an iron altar of Okawaru.
 87433 | Depths:2 | Found a one-way gateway to a ziggurat.
 87611 | Depths:2 | Identified the +10 sling of the Jumping Sybil {flame,
                  | Will+}
 87679 | Depths:2 | Got Hawnuont's Book of Reformation
 88090 | Depths:3 | Noticed a golden dragon
 88100 | Depths:2 | Reached XP level 25. HP: 121/191 MP: 25/43
 88318 | Depths:3 | Reached skill level 1 in Summonings
 88732 | Depths:3 | Noticed Saint Roka
 89139 | Elf:1    | Bought 3 scrolls of enchant armour for 427 gold pieces
 89167 | Elf:2    | You paid a toll of +3 storm dragon scales to enter a
                  | treasure trove
 89168 | Trove    | Entered a treasure trove
 89172 | Trove    | Found the +3 Mad Mage's Maulers {Infuse+∞ RegenMP Int-3}
 89179 | Trove    | Identified the +2 hat of the Present {Int+4 Dex+5}
 89212 | Trove    | Identified the +0 plate armour "Wuywoe" {-Cast Harm Rampage
                  | Regen+}
 89222 | Trove    | Identified the +5 pair of boots "Zefy" {Dex+2}
 89235 | Trove    | Identified the +1 kite shield "Amujais" {rF+ rN+ Dex+4}
 89250 | Trove    | Identified the +0 robe of the Fife {rElec rC- Int+6}
 89253 | Trove    | Identified the +5 scale mail of the Shrinking Gods {rF+
                  | Int+3}
 89256 | Trove    | Identified the +4 ring mail "Azxileph" {MP+9 Int+3}
 89259 | Trove    | Identified the +1 pair of gloves of Pandemonium {rPois
                  | Regen+ Dex+2}
 89888 | Depths:3 | Noticed a juggernaut
 89894 | Depths:3 | Killed a juggernaut
 90279 | Depths:3 | Killed Saint Roka
 91123 | Depths:3 | Reached skill level 5 in Summonings
 91222 | Depths:3 | Reached skill level 15 in Fighting
 91475 | Depths:3 | Identified the +11 hand axe of Pain and Death {vamp, SInv}
 91813 | Depths:3 | Identified the +8 rapier of an ice cave {vorpal, +Blink
                  | rCorr Dex-3}
 93688 | Depths:4 | Noticed a caustic shrike
 93698 | Depths:4 | Learned a level 7 spell: Spellforged Servitor
 94132 | Depths:4 | Noticed the Enchantress
 94136 | Depths:4 | Killed the Enchantress
 94371 | Depths:4 | Reached XP level 26. HP: 205/205 MP: 30/43
 95059 | Depths:4 | Found a gate to the Realm of Zot.
 95400 | Hell     | Entered the Vestibule of Hell
 95400 | Hell     | Noticed Geryon
 95407 | Hell     | Killed Geryon
 95656 | Depths:4 | Reached skill level 10 in Summonings
 96779 | Hell     | Found a gateway to the ashen valley of Gehenna.
 96977 | Hell     | Found a gateway to the Iron City of Dis.
 97122 | Hell     | Found a gateway to the freezing wastes of Cocytus.
 97973 | Hell     | Found a gateway to the decaying netherworld of Tartarus.
 98275 | Zot:1    | Entered Level 1 of the Realm of Zot
 98509 | Zot:1    | Found a transporter.
 98809 | Depths:2 | Bought a manual of Conjurations for 1200 gold pieces
 98969 | Zot:4    | Noticed an orb of fire
 98973 | Zot:4    | Killed an orb of fire
100437 | Zot:3    | Reached XP level 27. HP: 217/217 MP: 9/43
100765 | Zot:5    | Entered Level 5 of the Realm of Zot
101378 | Zot:5    | Found a transporter.
101511 | Zot:5    | Found a transporter.
101530 | Zot:5    | Found a transporter.
101601 | Zot:5    | Noticed a dread lich
101611 | Zot:5    | Noticed a dread lich
101617 | Zot:5    | Noticed a Killer Klown
101618 | Zot:5    | Noticed a dread lich
101635 | Zot:4    | Lost mutation: A frigid envelope surrounds you and freezes
                  | all who hurt you. [mutagenic glow]
101856 | Zot:5    | Noticed an orb of fire
101858 | Zot:5    | Gained mutation: You are very weak. (Str -4) [an orb of
                  | fire]
101861 | Zot:5    | Gained mutation: You do not regenerate when monsters are
                  | visible. [an orb of fire]
101863 | Zot:5    | Killed an orb of fire
101864 | Zot:5    | Reached skill level 10 in Armour
101871 | Zot:5    | Killed a Killer Klown
101874 | Zot:5    | Killed a dread lich
101881 | Zot:5    | Killed a dread lich
101888 | Zot:5    | Killed a dread lich
102079 | Zot:5    | Found a transporter.
102163 | Zot:5    | Noticed a dread lich
102166 | Zot:5    | Killed a dread lich
102380 | Zot:5    | Noticed an orb of fire
102466 | Zot:5    | Killed an orb of fire
102474 | Zot:5    | Noticed a Killer Klown
102479 | Zot:5    | Killed a Killer Klown
102481 | Zot:5    | Noticed a Killer Klown
102487 | Zot:5    | Killed a Killer Klown
102489 | Zot:5    | Noticed a Killer Klown
102499 | Zot:5    | Killed a Killer Klown
102500 | Zot:5    | Noticed an ancient lich
102503 | Zot:5    | Killed an ancient lich
103257 | Zot:5    | Got the Orb of Zot
103772 | D:$      | Escaped with the Orb!

Illustrated notes

Levels and vault maps discovered:
D:1:      amcnicky_arrival_choice, layout_basic, minmay_misc_feat_four_crosses,
          kennysheep_pointless_box
D:2:      layout_loops_ring, uniq_sigmund, uniq_jessica
D:3:      layout_basic, grunt_dithmenos_smoke_and_mirrors, st_stairs_1,
          chequers_serial_rivers_large_a
D:4:      layout_rooms, nicolae_overflow_hidden_temple,
          grunt_temple_overflow_lords_of_destruction, serial_shops, shop, shop,
          shop, st_stairs_3, minivault_26
D:5:      layout_loops_ring, overflow_temple_1_default,
          lemuel_coloured_pillars_altar, nicolae_ossuary_entry_monument,
          hellmonk_bongcloud_opening
D:6:      layout_layer_cave
D:7:      layout_cave_pools, ashenzari_altar_1, minmay_temple_entry_nine_rooms,
          minmay_tree_intersection, minmay_holes, uniq_maggie
D:8:      layout_loops_corners, erik_lair_orcish_takeover, serial_shops,
          nicolae_stop_n_shop_2, lightli_corner_chamber
D:9:      layout_long_grid, nicolae_overflow_two_pavilions,
          nicolae_concentric_dashed_squares_mild
D:10:     layout_cave_pools, gammafunk_temple_overflow_forgotten, orc_0_dummy,
          serial_shops, shop
D:11:     layout_rooms, serial_curves, eino_curves_04, eino_curves_03
D:12:     layout_long_grid, uniq_kirke, uniq_psyche
D:13:     layout_basic, grunt_vaults_entry_tiered
D:14:     layout_roguey
D:15:     grunt_enter_depths_magical_seal, layout_cave_pools,
          minmay_misc_feat_columns, serial_demonic, serial_demonic_g,
          serial_demonic_b, serial_demonic_e, serial_demonic_f,
          grunt_decor_clamped, uniq_rupert, uniq_agnes
Lair:1:   layout_gridlike, gammafunk_ghost_hydra_chop
Lair:2:   layout_cave_shapes, dummy_spider_entry
Lair:3:   layout_chaotic_city, minmay_swamp_entry_reptiles,
          nicolae_lair_run_with_the_wolves, lemuel_fruit_tree
Lair:4:   layout_regular_city, dpeg_slime_entry_enclosed,
          gammafunk_lair_bear_cave, infiniplex_staircase_pool,
          grunt_megastairs_3, serial_bayou_shore_b
Lair:5:   minmay_lair_end_frog_pond, layout_gridlike, columned_hall_lemuel,
          minivault_11
Swamp:1:  layout_basic_swamp, portal_ice_cave_entry_horrid_things,
          evilmike_swamp_ruin_house_2
Swamp:2:  layout_basic_swamp, evilmike_swamp_ruin_house_1
Swamp:3:  layout_basic_swamp, nicolae_swamp_round_clearing
Swamp:4:  swamp_pestilence, layout_basic_swamp
Spider:1: layout_spider_delve, drop_trap, nicolae_looking_at_the_future
Spider:2: layout_spider_delve, hellmonk_narrow_tunnel, uniq_aizul, uniq_nikola
Spider:3: layout_cave_pods, hangedman_spider_tarantella_strand, uniq_arachne
Spider:4: guppyfry_spider_rune, uniq_mlioglotl
Slime:1:  layout_caves
Slime:2:  layout_caves
Slime:3:  layout_caves
Slime:4:  layout_caves, uniq_dissolution
Slime:5
Orc:1:    layout_caves, mines1_david
Orc:2:    st_orc_mages, layout_caves, ebering_ghost_gozag
Elf:1:    nicolae_elf_arrival_no_cutting_in_line, layout_loops_corners,
          serial_shops, nicolae_shop_competitors_out_of_business,
          minmay_elf_necromancy
Elf:2:    nicolae_elf_blades_crystal_corner, layout_rooms, enter_trove_1,
          minmay_misc_feat_pillars, uniq_roxanne
Elf:3:    minmay_elf_hall_four_x, layout_loops_cross, minivault_4
Vaults:1: vaults_room_pools, vaults_dpeg_spiral, vaults_room_pools,
          nicolae_vaults_theta, v_misc_15, nicolae_vaults_mini_display_case,
          nicolae_vaults_shelves_hall, layout_vaults_chaotic_city, serial_shops,
          shop
Vaults:2: v_misc_13, v_pattern_4, v_alt_pattern_1, hangedman_vaults_river_flow,
          v_misc_16, grunt_vaults_diagonal, layout_vaults_omnigrid
Vaults:3: blue_anna_dwarven_crypt, hangedman_vaults_unwind,
          ontoclasm_vaults_ring_large, hangedman_vaults_stagger, v_misc_11,
          v_misc_1, vaults_mumra_hexcomb, dpeg_vaults_waves,
          nicolae_vaults_theta, nicolae_vaults_network_square, vaults_dpeg_ring,
          vaults_room_stairs_pillars, ontoclasm_vaults_ring_small,
          layout_vaults_omnibox, serial_shops, shop
Vaults:4: hangedman_vaults_locks, v_misc_24, hangedman_vaults_snaps,
          dpeg_vaults_monster_box, v_alt_pattern_6,
          ontoclasm_vaults_decontamination, nicolae_vaults_little_squares_6,
          gammafunk_sealed_arena, v_misc_17, nicolae_vaults_sealed_display,
          nicolae_vaults_three_branches, serial_ice_g, layout_vaults_omnicross
Depths:1: layout_gridlike, hangedman_coc_ice_floe, minmay_strange_pillars,
          pan_entry, st_stairs_4, evilmike_spriggan_trog_shrine
Depths:2: minmay_the_grid_triangle_9x9_rhombus_thin_mashed
          [minmay_the_grid_triangle_9x9_wacky_v,
          minmay_the_grid_triangle_9x9_prize_center,
          minmay_the_grid_triangle_9x9_semitri,
          minmay_the_grid_triangle_9x9_sparse_checkered], layout_cave_pools,
          enter_ziggurat_b, abyss_entry_crystal, pan_entry, special_room
          [special_room_magic_class], hell_entry, okawaru_trees_2,
          minmay_shop_grove, uniq_mara
Depths:3: hangedman_box_tower, layout_basic, rand_demon_pan_entry_9,
          grunt_hell_entry_dis_mu, abyss_entry, uniq_saint_roka
Depths:4: grunt_zot_entry_hairpin, layout_cave_pools, grunt_mini_vestibule,
          hex_medium, uniq_enchantress
Hell
Zot:1:    layout_basic, nzn_ghost_randoct
Zot:2:    kennysheep_room_grid, layout_gridlike, hellmonk_ghost_big_iron
Zot:3:    kennysheep_oblong_rooms, layout_misc_corridors,
          ebering_ghost_rock_garden
Zot:4:    layout_misc_corridors, ebering_ghost_disaster_area,
          lemuel_baited_zot_trap, drop_trap
Zot:5:    layout_misc_corridors, nicolae_transporter_intersection

Skill      XL: |  1  2  3  4  5  6  7  8  9 10 11 12 13 14 15 16 17 18 19 20 21 22 23 24 25 26 27 |
---------------+----------------------------------------------------------------------------------+-----
Fighting       | 4 5 6 7 8 11 12 14 16 18 19 | 19.8
Earth Magic    | 2 3 6 7 9 11 | 11.0
Spellcasting   | 1 3 5 8 10 11 13 14 16 | 16.5
Conjurations   | 2 4 5 7 9 11 13 14 16 18 20 | 20.2
Poison Magic   | 6 7 8 9 |  9.0
Dodging        | 4 6 8 9 12 15 | 15.2
Transmutations | 2 4 |  4.0
Fire Magic     | 2 7 11 12 14 16 19 21 | 21.0
Shields        | 2 9 14 | 14.0
Armour         | 2 8 12 | 12.2
Necromancy     | 1 7 9 |  9.0
Evocations     | 1 |  1.4
Summonings     | 8 11 | 11.0
Short Blades   | |  2.0
Stealth        | |  5.0

Action                   |  1- 3 |  4- 6 |  7- 9 | 10-12 | 13-15 | 16-18 | 19-21 | 22-24 | 25-27 || total
-------------------------+-------+-------+-------+-------+-------+-------+-------+-------+-------++-------
Melee: Short sword       |    67 |       |       |       |       |       |       |       |       ||    67
       Dagger            |    51 |   122 |   277 |   226 |   235 |   166 |   287 |   111 |    20 ||  1495
       Punch             |     2 |       |     6 |     3 |     4 |       |       |       |       ||    15
       Bite              |       |       |       |       |       |       |    61 |    59 |    24 ||   144
       Staff             |       |       |       |       |       |       |       |   116 |    60 ||   176
Throw: Dart              |       |       |     9 |     2 |     1 |       |     1 |     1 |       ||    14
       Throwing net      |       |       |     1 |       |       |       |       |       |       ||     1
       Boomerang         |       |       |       |     1 |       |       |       |     1 |       ||     2
 Cast: Poisonous Vapours |       |       |     5 |   105 |   148 |   269 |   129 |    65 |     1 ||   722
       Stone Arrow       |       |       |     3 |    44 |   155 |   128 |    75 |       |       ||   405
       Olgreb's Toxic Ra |       |       |       |    62 |    71 |    84 |   103 |    42 |     5 ||   367
       Ignite Poison     |       |       |       |    14 |   118 |   191 |   170 |    68 |     2 ||   563
       Fireball          |       |       |       |       |     6 |    40 |    15 |     3 |       ||    64
       Sticky Flame      |       |       |       |       |     3 |       |       |       |       ||     3
       Irradiate         |       |       |       |       |     4 |    56 |    44 |    76 |    54 ||   234
       Starburst         |       |       |       |       |       |    23 |    12 |       |       ||    35
       Iskenderun's Batt |       |       |       |       |       |       |     2 |     5 |       ||     7
       Iron Shot         |       |       |       |       |       |       |    33 |   314 |   361 ||   708
       Borgnjor's Vile C |       |       |       |       |       |       |    18 |   138 |   179 ||   335
       Sublimation of Bl |       |       |       |       |       |       |    15 |   144 |   145 ||   304
       Ignition          |       |       |       |       |       |       |       |    26 |    39 ||    65
       Apportation       |       |       |       |       |       |       |       |     2 |    17 ||    19
       Blink             |       |       |       |       |       |       |       |     1 |     1 ||     2
       Spellforged Servi |       |       |       |       |       |       |       |       |    33 ||    33
Evoke: Wand              |       |     1 |     3 |    16 |    13 |    22 |    11 |    17 |       ||    83
       Tin of tremorston |       |       |       |       |       |       |     2 |     2 |       ||     4
       Phantom mirror    |       |       |       |       |       |       |       |     2 |       ||     2
       Condenser vane    |       |       |       |       |       |       |       |     2 |       ||     2
       Phial of floods   |       |       |       |       |       |       |       |     1 |       ||     1
       Horn of Geryon    |       |       |       |       |       |       |       |       |     1 ||     1
  Use: Scroll            |     6 |     1 |     9 |    14 |     6 |    10 |     9 |    14 |    12 ||    81
       Potion            |     1 |     1 |     9 |     9 |     1 |    21 |     9 |     7 |     6 ||    64
 Stab: Sleeping          |     6 |     6 |    11 |     3 |     5 |     4 |    15 |     3 |       ||    53
       Distracted        |     2 |       |       |       |     2 |       |     1 |       |     2 ||     7
       Invisible         |       |       |     2 |       |       |     3 |       |       |       ||     5
       Held in net/web   |       |       |     1 |       |       |       |       |       |       ||     1
       Paralysed         |       |       |       |       |       |       |       |     1 |       ||     1
Armor: Leather armour    |    17 |    19 |    33 |       |       |       |       |       |       ||    69
       Swamp dragon scal |       |       |     2 |    73 |   146 |   207 |       |       |       ||   428
       Scale mail        |       |       |       |       |       |    48 |   299 |   209 |   150 ||   706
Dodge: Dodged            |    51 |    56 |   121 |   199 |   340 |   368 |   309 |   305 |   406 ||  2155
       Repelled          |       |       |       |       |     2 |    11 |     4 |    10 |       ||    27
Block: Buckler           |       |       |       |       |       |    90 |       |       |       ||    90
       Kite shield       |       |       |       |       |       |   214 |   338 |   402 |   444 ||  1398

Table legend: (Time is in decaauts)
 A = Elapsed time spent in this place.
 B = Non-inter-level travel time spent in this place.
 C = Inter-level travel time spent in this place.
 D = Time resting spent in this place.
 E = Time spent auto-exploring this place.
 F = Levels seen in this place.
 G = Mean time per level.
                   A        B        C        D        E       F      G
               +--------+--------+--------+--------+--------+-----+--------+
         Total | 104223 |  94974 |   9249 |  49026 |  30075 |  54 | 1930.1 |
       Dungeon |  27183 |  22249 |   4934 |  10018 |   8090 |  15 | 1812.2 |
          Lair |  10620 |   9833 |    787 |   4931 |   3400 |   5 | 2124.0 |
         Swamp |   6395 |   6153 |    242 |   2628 |   2614 |   4 | 1598.8 |
   Spider Nest |  10076 |   9735 |    341 |   5422 |   2910 |   4 | 2519.0 |
    Slime Pits |   2178 |   2127 |     51 |   1566 |      0 |   5 |  435.6 |
  Orcish Mines |   4724 |   4129 |    595 |   2549 |    837 |   2 | 2362.0 |
   Elven Halls |   8848 |   8347 |    501 |   3132 |   4058 |   3 | 2949.3 |
        Vaults |  10512 |   9823 |    689 |   5070 |   3528 |   4 | 2628.0 |
        Depths |  16225 |  15279 |    946 |   9212 |   3857 |   4 | 4056.2 |
          Hell |   1116 |   1088 |     28 |    350 |    458 |   1 | 1116.0 |
           Zot |   4677 |   4545 |    132 |   3051 |    319 |   5 |  935.4 |
         Abyss |   1553 |   1553 |      0 |   1095 |      0 |   1 | 1553.0 |
         Trove |    111 |    111 |      0 |      0 |      0 |   1 |  111.0 |
               +--------+--------+--------+--------+--------+-----+--------+

Top non-repeatable levels by time:
Depths:3: 6310 daAuts
   Elf:3: 4382 daAuts
Depths:4: 4148 daAuts
Depths:1: 3426 daAuts
Spider:3: 3398 daAuts
Vaults:3: 3336 daAuts
   Elf:1: 3229 daAuts
Spider:4: 3101 daAuts
     D:8: 3086 daAuts
   Orc:2: 2770 daAuts
     D:9: 2665 daAuts
Vaults:2: 2551 daAuts
  Lair:5: 2540 daAuts
  Lair:3: 2537 daAuts
Vaults:4: 2361 daAuts

Table legend:
 A = Kills in this place as a percentage of kills in entire the game.
 B = Kills by you in this place as a percentage of kills by you in the entire game.
 C = Kills by friends in this place as a percentage of kills by friends in the entire game.
 D = Other kills in this place as a percentage of other kills in the entire game.
 E = Experience gained in this place as a percentage of experience gained in the entire game.
 F = Experience gained in this place divided by the number of levels of this place that you have seen.
                   A       B       C       D       E      F
               +-------+-------+-------+-------+-------+----------------------
         Total | 100.0 | 100.0 | 100.0 | 100.0 | 100.0 | 21872.6
       Dungeon |  19.2 |  19.5 |   3.7 |   0.0 |   7.4 | 5812.9
          Lair |  10.0 |  10.2 |   0.0 |   0.0 |   5.7 | 13406.0
         Swamp |   6.1 |   5.9 |   0.0 |  66.7 |   4.8 | 14314.5
   Spider Nest |  10.8 |  11.0 |   0.0 |   0.0 |   7.6 | 22375.0
    Slime Pits |   3.6 |   3.7 |   0.0 |   0.0 |   4.4 | 10407.6
  Orcish Mines |   5.6 |   5.7 |   0.0 |   0.0 |   1.5 | 9138.0
   Elven Halls |   8.0 |   8.0 |   0.0 |  22.2 |   9.9 | 39131.7
        Vaults |  11.2 |  11.4 |   0.0 |   0.0 |  13.7 | 40454.5
        Depths |  15.3 |  15.4 |  11.1 |  11.1 |  25.7 | 75904.8
          Hell |   2.4 |   2.4 |   0.0 |   0.0 |   3.3 | 39420.0
           Zot |   4.5 |   3.5 |  81.5 |   0.0 |  13.8 | 32581.4
         Abyss |   3.2 |   3.2 |   3.7 |   0.0 |   2.1 | 24665.0
               +-------+-------+-------+-------+-------+----------------------
